 Dungeon Crawl Stone Soup version 0.24.0-1-gfbc8707 (webtiles) character file.

Game seed: 182005772628783021, levelgen mode: deterministic

273 Blackhawk the Skirmisher (level 6, -11/39 HPs)
             Began as a Gargoyle Fighter on Oct 27, 2019.
             Mangled by an ogre
             ... wielding a cursed -2 giant spiked club
              (15 damage)
             ... on level 4 of the Dungeon on Oct 28, 2019.
             The game lasted 00:04:04 (2478 turns).

Blackhawk the Skirmisher (Gargoyle Fighter)         Turns: 2478, Time: 00:04:04

Health: -11/39     AC: 12    Str: 22      XL:     6   Next: 24%
Magic:  6/6        EV:  7    Int:  8      God:
Gold:   179        SH:  9    Dex:  9 (12) Spells: 5/5 levels left

rFire    . . .     SeeInvis .   a - +0 war axe
rCold    . . .     Gourm    .   c - +0 shield
rNeg     + . .     Faith    .   b - +0 scale mail
rPois    ∞         Spirit   .   (no helmet)
rElec    +         Reflect  .   n - +0 cloak
rCorr    .         Harm     .   (no gloves)
MR       .....                  (no boots)
Stlth    ..........             (no amulet)
HPRegen  0.13/turn              r - +3 ring of dexterity
MPRegen  0.10/turn              (no ring)

@: no status effects
A: negative energy resistance 1, electricity resistance, unbreathing,
petrification resistance, rot immunity, AC +4
a: no special abilities


You were on level 4 of the Dungeon.
You were hungry.

You visited 1 branch of the dungeon, and saw 6 of its levels.

You collected 179 gold pieces.

Inventory:

Hand Weapons
 a - a +0 war axe (weapon)
Armour
 b - a +0 scale mail (worn)
 c - a +0 shield (worn)
 n - a +0 cloak (worn)
Jewellery
 r - a +3 ring of dexterity (left hand)
Scrolls
 e - 3 scrolls of enchant armour {unknown}
 h - a scroll of fear {unknown}
 i - a scroll of enchant weapon {unknown}
 k - 4 scrolls of identify {unknown}
 l - a scroll of teleportation {unknown}
 p - a scroll of amnesia {unknown}
 q - 3 scrolls of remove curse {unknown}
Potions
 d - 2 potions of might
 j - a potion of curing {unknown}
 m - 2 potions of heal wounds {unknown}
 o - 2 potions of lignification {unknown}
Comestibles
 f - 5 rations


   Skills:
 + Level 4.7 Fighting
 + Level 3.2 Axes
 + Level 4.6 Armour
 + Level 4.6 Shields


You had 5 spell levels left.
You didn't know any spells.
Your spell library was empty.

Dungeon Overview and Level Annotations

Branches:
Dungeon (6/15)
 Temple: D:4-7

Altars:


Innate Abilities, Weirdness & Mutations

You are resistant to torment.
Your stone body is resilient. (AC +4)
You are immune to poison.
You resist negative energy. (rN+)
You are resistant to electric shocks. (rElec)
You can survive without breathing.
You are immune to petrification.
You are immune to rotting.


Message History

You are too injured to fight recklessly!
You are too injured to fight recklessly!
You are too injured to fight recklessly!
Your shield and scale mail prevent you from hitting the ogre.
The ogre is heavily wounded.
The orc wizard casts a spell.
The orc wizard seems to speed up.
The ogre hits you with a cursed -2 giant spiked club!
* * * LOW HITPOINT WARNING * * *
You hit the ogre but do no damage.
The ogre is heavily wounded.
You block the ogre's attack.
You hit the ogre.
The ogre is severely wounded.
The orc wizard mumbles some strange words.
The orc wizard blinks!
The ogre barely misses you.
You hit the ogre.
The ogre is severely wounded.
The ogre hits you with a cursed -2 giant spiked club!
You die...

.# .# .# ##.
#.. #.# #.#
...!. #@#
#........ #O#
#....... #§#
#(......
#.###......
#o.......#
#...o.a..###..
#.............
#.....>...##.
#.............


You could see an ogre and an orc wizard.

Vanquished Creatures
  A quasit (D:3)
  An orc priest (D:5)
  An iguana (D:5)
  An orc wizard (D:3)
  A worker ant (D:4)
  3 adders
  3 worms
  4 dart slugs
  2 leopard geckos
  8 orcs
  A ball python (D:3)
  4 bats
  4 giant cockroaches
  8 goblins
  10 hobgoblins
  9 jackals
  4 kobolds
  4 quokkas
  6 frilled lizards
  6 rats
81 creatures vanquished.

Notes
Turn   | Place    | Note
-------+----------+-------------------------------------------
     0 | D:1      | Blackhawk the Gargoyle Fighter began the quest for the Orb.
     0 | D:1      | Reached XP level 1. HP: 14/14 MP: 1/1
    69 | D:1      | Reached XP level 2. HP: 19/19 MP: 2/2
   336 | D:1      | Reached XP level 3. HP: 24/24 MP: 3/3
  1048 | D:2      | Reached XP level 4. HP: 29/29 MP: 4/4
  1538 | D:3      | Reached XP level 5. HP: 23/33 MP: 5/5
  2142 | D:3      | You fall into a shaft and drop 3 floors!
  2143 | D:6      | Noticed a phantom
  2156 | D:5      | Entered Level 5 of the Dungeon
  2174 | D:5      | Reached XP level 6. HP: 7/39 MP: 6/6
  2478 | D:4      | Mangled by an ogre

Levels and vault maps discovered:
D:1:      dpeg_arrival_chambers_temple_mockup, layout_basic
D:2:      layout_basic, grunt_decor_mini_mirrors
D:3:      layout_basic, first_ration, kennysheep_generic_room_7
D:4:      layout_rooms, lemuel_crystal_altar, cheibrodos_sewer_entry_drain
D:5:      layout_cave_pools, zin_treasury, temple_doors_cd, basic_altar
D:6:      layout_gridville, tgw_trog, grunt_temple_overflow_open, serial_shops,
          nicolae_shop_statue_plus

Skill      XL: |  1  2  3  4  5 |
---------------+----------------+-----
Axes           | 2 3 |  3.2
Fighting       | 4 |  4.7
Armour         | 4 |  4.6
Shields        | 4 |  4.6

Action                   |  1- 3 |  4- 6 || total
-------------------------+-------+-------++-------
Melee: War axe           |   123 |   194 ||   317
  Eat: Chunk             |     1 |     4 ||     5
Armor: Scale mail        |    92 |   197 ||   289
Dodge: Dodged            |    54 |   110 ||   164
Block: Shield            |    87 |   152 ||   239
